Predators vs Rangers

Created - April 14, 2022 at 19:07

Goals
1 2 3 T
Predators 0 2 2 4
Rangers 2 1 4 7
Shots
1 2 3 T
Predators 6 20 9 35
Rangers 8 9 15 32

1st period

1. Rangers , Tomas Hertl 11 (Patrik Nemeth 12, Steve Quailer 12) at 15:04
2. Rangers , Tomas Hertl 12 (Sean Couturier 53, Dmitry Kulikov 12) at 16:19 (PP)

Penalties :
Brendan Gallagher (Nas) for Roughing (Minor) at 0:57, Ryan Kesler (Nas) for Hooking (Minor) at 15:41

2nd period

3. Predators , Mikael Granlund 30 (Alexander Ovechkin 31, Andy Miele 36) at 1:53 (PP)
4. Predators , Justin Faulk 5 (Andy Miele 37, John Moore 11) at 5:32
5. Rangers , Magnus Paajarvi 8 (Tomas Hertl 11) at 14:42

Penalties :
Devante Smith-Pelly (NyR) for High sticking (Minor) at 0:48, Alexander Ovechkin (Nas) for Goalie Interference (Minor) at 12:10

3rd period

6. Rangers , Devante Smith-Pelly 8 (Luke Schenn 27, Chris Bourque 28) at 11:36
7. Predators , Brad Boyes 13 (Denis Grebeshkov 5, Justin Abdelkader 9) at 13:04
8. Rangers , Artem Anisimov 10 (Unassisted) at 15:24
9. Rangers , Richard Panik 13 (Artem Anisimov 10, Luke Schenn 28) at 15:47
10. Rangers , Patrice Bergeron 17 (Unassisted) at 15:54
11. Predators , Jaden Schwartz 17 (Ryan Mcdonagh 32) at 16:19

Penalties :
Alexander Ovechkin (Nas) for Tripping (Minor) at 7:38

Goalie Stats

Jaroslav Halak (Nas), 25 saves from 32 shots - (0.781), L, 9-9-0, 60:00 minutes
Frederik Andersen (NyR), 31 saves from 35 shots - (0.886), W, 20-17-2, 60:00 minutes

Players Stats for Predators

Player Name              G  A  P  +/- PIM S  H  SB GA TA FO     MP     PP MP  PK MP  
------------------------------------------------------------------------------------
Alexander Edler          0  0  0  -3  0   2  2  2  1  1  0/0    29:12   1:05   4:00 
Alexander Ovechkin       0  1  1  -2  4   7  1  1  1  0  3/5    20:37   1:05   1:34 
Andy Miele               0  2  2  -2  0   4  0  0  1  0  16/33  21:53   1:05   2:10 
Brad Boyes               1  0  1   0  0   1  0  0  0  0  0/0    11:12   0:00   0:00 
Brendan Gallagher        0  0  0   0  2   3  2  1  2  1  0/2    15:32   0:00   0:08 
Chris Higgins            0  0  0  -1  0   1  1  1  0  1  0/0    10:18   0:00   1:40 
Denis Grebeshkov         0  1  1   1  0   0  1  1  0  0  0/0    12:25   0:00   0:00 
Jack Eichel              0  0  0   0  0   2  2  0  1  0  3/7    13:44   0:00   2:36 
Jaden Schwartz           1  0  1   0  0   1  1  0  2  0  0/1    16:08   0:00   1:17 
John Moore               0  1  1  -1  0   0  1  2  1  0  0/0    18:23   0:00   2:35 
Justin Abdelkader        0  1  1   0  0   1  1  0  1  0  0/0    10:51   0:00   0:00 
Justin Faulk             1  0  1  -1  0   1  0  0  0  1  0/0    18:23   0:00   2:35 
Mark Pysyk               0  0  0  -1  0   1  0  0  0  0  1/1     7:43   0:00   0:00 
Mikael Granlund          1  0  1  -2  0   6  1  0  0  1  0/1    22:43   1:05   3:38 
Nate Schmidt             0  0  0   1  0   0  4  0  0  0  0/0    12:25   0:00   0:00 
Ryan Kesler              0  0  0   0  2   0  4  0  0  0  8/16   14:57   0:00   0:07 
Ryan Mcdonagh            0  1  1  -3  0   3  1  1  0  2  0/0    29:12   1:05   4:00 
Scott Laughton           0  0  0  -1  0   2  1  0  0  0  1/1     7:43   0:00   0:00 

Players Stats for Rangers

Player Name              G  A  P  +/- PIM S  H  SB GA TA FO     MP     PP MP  PK MP  
------------------------------------------------------------------------------------
Artem Anisimov           1  1  2   1  0   1  1  0  0  0  1/6    10:45   0:00   0:00 
Brett Ponich             0  0  0   0  0   1  2  0  0  0  0/0    12:39   0:26   0:00 
Chris Bourque            0  1  1   2  0   1  2  0  1  0  2/2    19:54   3:28   1:05 
Devante Smith-Pelly      1  0  1   1  2   3  2  0  0  0  1/3    18:47   3:28   0:00 
Dmitry Kulikov           0  1  1   1  0   2  0  3  1  2  0/0    29:04   3:19   1:05 
Luke Schenn              0  2  2   2  0   0  3  1  3  1  0/0    29:05   3:19   1:05 
Magnus Paajarvi          1  0  1   2  0   1  0  0  0  0  1/1    10:31   0:04   0:00 
Matt Delahey             0  0  0   1  0   1  3  0  0  1  0/0    19:17   3:16   0:00 
Morgan Ellis             0  0  0   0  0   1  1  0  0  1  0/0    11:38   0:00   0:00 
Patrice Bergeron         1  0  1   2  0   3  4  0  0  0  13/27  19:54   3:28   1:05 
Patrik Nemeth            0  1  1   1  0   2  2  2  0  0  0/0    18:16   2:50   0:00 
Richard Panik            1  0  1   1  0   2  0  0  0  0  0/0    10:47   0:04   0:00 
Ryan Dzingel             0  0  0   1  0   2  1  0  0  1  0/0    10:27   0:00   0:00 
Ryan Strome              0  0  0  -2  0   1  2  0  1  0  0/0    19:08   3:03   0:00 
Sean Couturier           0  1  1  -2  0   1  2  0  0  2  12/20  19:08   3:03   0:00 
Steve Quailer            0  1  1   2  0   3  1  0  0  1  0/1    10:31   0:04   0:00 
T.J Galiardi             0  0  0  -2  0   3  0  1  0  1  0/0    15:57   0:00   0:00 
Tomas Hertl              2  1  3   2  0   4  2  0  1  0  5/7    13:04   3:03   0:00 

3 Stars

1 - Tomas Hertl (NyR)
2 - Patrice Bergeron (NyR)
3 - Luke Schenn (NyR)

Power Play

Predators - 1 on 2 Attempt(s) - 50.00%
Rangers - 1 on 3 Attempt(s) - 33.33%

Penalty Kill

Predators - 2 on 3 Attempt(s) - 66.67% - Score 0 goal in Penalty Kill
Rangers - 1 on 2 Attempt(s) - 50.00% - Score 0 goal in Penalty Kill

Team Stat

Predators - Hits : 23 - Faceoff Wins : 32 - Blocked Shots : 9 - Penalty Minutes : 8
Rangers - Hits : 28 - Faceoff Wins : 35 - Blocked Shots : 7 - Penalty Minutes : 2

Official

Referees : Chris Schlenker and Frederick L'Ecuyer
Linesman : Travis Gawryletz and Kyle Flemington

Game Notes

15:24 of 3rd period - Penalty Shot by Artem Anisimov for Rangers - Goal!
15:54 of 3rd period - Penalty Shot by Patrice Bergeron for Rangers - Goal!

Finance

Level 1 -- Attendance: 6000 (100.00%) -- Ticket Income $600,000
Level 2 -- Attendance: 5000 (100.00%) -- Ticket Income $300,000
Level 3 -- Attendance: 1956 (97.80%) -- Ticket Income $68,460
Level 4 -- Attendance: 4000 (100.00%) -- Ticket Income $100,000
Luxury Box -- Attendance: 1000 (100.00%) -- Ticket Income $200,000
Game was played at the Madison Square Garden.
Total Attendance: 17956 (99.76%)
Total Ticket Income: $1,268,460
Other Income: $190,269
Total Income: $1,458,729

Predators

5 vs 5 Forward 
   Center                   Left Wing                Right Wing               Time % Phy DF OF 
 1 Andy Miele               Alexander Ovechkin       Mikael Granlund          40     1   2  2  
 2 Ryan Kesler              Jaden Schwartz           Brendan Gallagher        30     1   2  2  
 3 Jack Eichel              Justin Abdelkader        Brad Boyes               20     1   2  2  
 4 Scott Laughton           Chris Higgins            Mark Pysyk               10     1   2  2  

5 vs 5 Defense 
   Defense                  Defense                                           Time % Phy DF OF 
 1 Ryan Mcdonagh            Alexander Edler                                   40     1   2  2  
 2 John Moore               Justin Faulk                                      30     1   2  2  
 3 Nate Schmidt             Denis Grebeshkov                                  20     1   2  2  
 4 Ryan Mcdonagh            Alexander Edler                                   10     1   2  2  

PowerPlay Forward 
   Center                   Left Wing                Right Wing               Time % Phy DF OF 
 1 Andy Miele               Alexander Ovechkin       Mikael Granlund          60     1   2  2  
 2 Ryan Kesler              Jaden Schwartz           Brendan Gallagher        40     1   2  2  

PowerPlay Defense
   Defense                  Defense                                           Time % Phy DF OF 
 1 Ryan Mcdonagh            Alexander Edler                                   60     1   2  2  
 2 John Moore               Justin Faulk                                      40     1   2  2  

Penalty Kill 4 Players Forward 
   Center                   Wing                     Time % Phy DF OF 
 1 Alexander Ovechkin       Mikael Granlund          60     1   2  2  
 2 Brendan Gallagher        Jaden Schwartz           40     1   2  2  

Penalty Kill 4 Players Defense
   Defense                  Defense                  Time % Phy DF OF 
 1 Ryan Mcdonagh            Alexander Edler          60     1   2  2  
 2 John Moore               Justin Faulk             40     1   2  2  

Penalty Kill - 3 Players Forward 
   Forward                                           Time % Phy DF OF 
 1 Alexander Ovechkin                                60     1   2  2  
 2 Mikael Granlund                                   40     1   2  2  

Penalty Kill - 3 Players Defense
   Defense                  Defense                  Time % Phy DF OF 
 1 Ryan Mcdonagh            Alexander Edler          60     1   2  2  
 2 John Moore               Justin Faulk             40     1   2  2  

4 vs 4 Forward 
   Center                   Wing                     Time % Phy DF OF 
 1 Alexander Ovechkin       Mikael Granlund          60     1   2  2  
 2 Brendan Gallagher        Jaden Schwartz           40     1   2  2  

4 vs 4 Defense
   Defense                  Defense                  Time % Phy DF OF 
 1 Ryan Mcdonagh            Alexander Edler          60     1   2  2  
 2 John Moore               Justin Faulk             40     1   2  2  

Last Minutes Offensive
   Center                   Left Wing                Right Wing               Defense                  Defense                  
   Andy Miele               Alexander Ovechkin       Mikael Granlund          Ryan Mcdonagh            Alexander Edler          

Last Minutes Defensive
   Center                   Left Wing                Right Wing               Defense                  Defense                  
   Andy Miele               Alexander Ovechkin       Mikael Granlund          Ryan Mcdonagh            Alexander Edler          

Goaltenders
Starting : Jaroslav Halak           
Backup : Kari Lehtonen            

Extra Forwards
Normal : Brad Boyes, Justin Abdelkader, Jack Eichel - PP : Brad Boyes, Justin Abdelkader - PK : Jack Eichel
Extra Defensemen
Normal : Justin Faulk, Denis Grebeshkov, John Moore - PP : Denis Grebeshkov - PK : Nate Schmidt, Denis Grebeshkov
Penalty Shots
Alexander Ovechkin, Mikael Granlund, Brendan Gallagher, Jaden Schwartz, Brad Boyes

Scratches
Mike Brown (Healthy)

Rangers

5 vs 5 Forward 
   Center                   Left Wing                Right Wing               Time % Phy DF OF 
 1 Patrice Bergeron         Chris Bourque            Devante Smith-Pelly      30     1   2  2  
 2 Sean Couturier           T.J Galiardi             Ryan Strome              30     1   2  2  
 3 Tomas Hertl              Magnus Paajarvi          Steve Quailer            20     1   2  2  
 4 Artem Anisimov           Ryan Dzingel             Richard Panik            20     1   2  2  

5 vs 5 Defense 
   Defense                  Defense                                           Time % Phy DF OF 
 1 Luke Schenn              Dmitry Kulikov                                    40     1   2  2  
 2 Patrik Nemeth            Matt Delahey                                      30     1   2  2  
 3 Brett Ponich             Morgan Ellis                                      20     1   2  2  
 4 Luke Schenn              Dmitry Kulikov                                    10     1   2  2  

PowerPlay Forward 
   Center                   Left Wing                Right Wing               Time % Phy DF OF 
 1 Patrice Bergeron         Chris Bourque            Devante Smith-Pelly      60     1   2  2  
 2 Sean Couturier           Tomas Hertl              Ryan Strome              40     1   2  2  

PowerPlay Defense
   Defense                  Defense                                           Time % Phy DF OF 
 1 Luke Schenn              Dmitry Kulikov                                    60     1   2  2  
 2 Patrik Nemeth            Matt Delahey                                      40     1   2  2  

Penalty Kill 4 Players Forward 
   Center                   Wing                     Time % Phy DF OF 
 1 Patrice Bergeron         Chris Bourque            60     1   2  2  
 2 Sean Couturier           T.J Galiardi             40     1   2  2  

Penalty Kill 4 Players Defense
   Defense                  Defense                  Time % Phy DF OF 
 1 Luke Schenn              Dmitry Kulikov           60     1   2  2  
 2 Patrik Nemeth            Matt Delahey             40     1   2  2  

Penalty Kill - 3 Players Forward 
   Forward                                           Time % Phy DF OF 
 1 Patrice Bergeron                                  60     1   2  2  
 2 Sean Couturier                                    40     1   2  2  

Penalty Kill - 3 Players Defense
   Defense                  Defense                  Time % Phy DF OF 
 1 Luke Schenn              Dmitry Kulikov           60     1   2  2  
 2 Patrik Nemeth            Matt Delahey             40     1   2  2  

4 vs 4 Forward 
   Center                   Wing                     Time % Phy DF OF 
 1 Patrice Bergeron         Chris Bourque            60     1   2  2  
 2 Sean Couturier           T.J Galiardi             40     1   2  2  

4 vs 4 Defense
   Defense                  Defense                  Time % Phy DF OF 
 1 Luke Schenn              Dmitry Kulikov           60     1   2  2  
 2 Patrik Nemeth            Matt Delahey             40     1   2  2  

Last Minutes Offensive
   Center                   Left Wing                Right Wing               Defense                  Defense                  
   Patrice Bergeron         Chris Bourque            Devante Smith-Pelly      Luke Schenn              Dmitry Kulikov           

Last Minutes Defensive
   Center                   Left Wing                Right Wing               Defense                  Defense                  
   Patrice Bergeron         Chris Bourque            Devante Smith-Pelly      Luke Schenn              Dmitry Kulikov           

Goaltenders
Starting : Frederik Andersen        
Backup : Samuel Montembeault      

Extra Forwards
Normal : Ryan Strome, Steve Quailer, Chris Bourque - PP : Ryan Strome, Steve Quailer - PK : Ryan Strome
Extra Defensemen
Normal : Matt Delahey, Brett Ponich, Morgan Ellis - PP : Matt Delahey - PK : Matt Delahey, Brett Ponich
Penalty Shots
Patrice Bergeron, Sean Couturier, Tomas Hertl, Devante Smith-Pelly, Ryan Strome

Scratches
Jonas Brodin (Bruised Left Leg Injury), Milan Lucic (Healthy)

% Time on Ice - Predators

Lines # - Real PCT - Wanted PCT - Time Play
Normal Forward
1 - 36% - 40% - 18:55
2 - 28% - 30% - 14:51
3 - 21% - 20% - 10:51
4 - 15% - 10% - 7:43
Normal Defense
1 - 39% - 40% - 20:18
2 - 30% - 30% - 15:48
3 - 24% - 20% - 12:25
4 - 7% - 10% - 3:49
PP Forward
1 - 100% - 60% - 1:05
2 - 0% - 40% - 0:00
PP Defense
1 - 100% - 60% - 1:05
2 - 0% - 40% - 0:00
PK Forward
1 - 85% - 60% - 5:34
2 - 15% - 40% - 1:01
PK Defense
1 - 61% - 60% - 4:00
2 - 39% - 40% - 2:35
PK3 Forward
1 - 0% - 60%
2 - 0% - 40%
PK3 Defense
1 - 0% - 60%
2 - 0% - 40%
44 Forward
1 - 0% - 60%
2 - 0% - 40%
44 Defense
1 - 0% - 60%
2 - 0% - 40%
Last Minute Offensive  - 0:00
Last Minute Defensive  - 0:00
Total
Forward - 60:00
Defense - 60:00

% Time on Ice - Rangers

Lines # - Real PCT - Wanted PCT - Time Play
Normal Forward
1 - 30% - 30% - 15:37
2 - 31% - 30% - 16:05
3 - 19% - 20% - 10:11
4 - 20% - 20% - 10:27
Normal Defense
1 - 41% - 40% - 21:28
2 - 29% - 30% - 15:26
3 - 22% - 20% - 11:38
4 - 7% - 10% - 3:48
PP Forward
1 - 54% - 60% - 3:32
2 - 46% - 40% - 3:03
PP Defense
1 - 57% - 60% - 3:45
2 - 43% - 40% - 2:50
PK Forward
1 - 100% - 60% - 1:05
2 - 0% - 40% - 0:00
PK Defense
1 - 100% - 60% - 1:05
2 - 0% - 40% - 0:00
PK3 Forward
1 - 0% - 60%
2 - 0% - 40%
PK3 Defense
1 - 0% - 60%
2 - 0% - 40%
44 Forward
1 - 0% - 60%
2 - 0% - 40%
44 Defense
1 - 0% - 60%
2 - 0% - 40%
Last Minute Offensive  - 0:00
Last Minute Defensive  - 0:00
Total
Forward - 60:00
Defense - 60:00

Play-by-Play

1st period


0:01 of 1st period - Andy Miele wins face-off versus Patrice Bergeron in neutral zone.
0:07 of 1st period - Off-side.
0:08 of 1st period - Andy Miele wins face-off versus Patrice Bergeron in neutral zone.
0:31 of 1st period - Alexander Ovechkin is hit by Devante Smith-Pelly and loses puck.
0:46 of 1st period - Slapshot by Devante Smith-Pelly.
0:46 of 1st period - Deflect By Patrice Bergeron.
0:46 of 1st period - Stopped by Jaroslav Halak without a rebound.
0:47 of 1st period - Sean Couturier wins face-off versus Ryan Kesler in Predators zone.
0:57 of 1st period - Minor Penalty to Brendan Gallagher for Roughing.
0:58 of 1st period - Alexander Ovechkin wins face-off versus Patrice Bergeron in Predators zone.
2:57 of 1st period - Penalty to Brendan Gallagher is over, Brendan Gallagher is back on ice.
3:10 of 1st period - Snap shot by Artem Anisimov.
3:10 of 1st period - Shot Blocked by Chris Higgins.
3:41 of 1st period - Slapshot by Artem Anisimov.
3:41 of 1st period - Stopped by Jaroslav Halak with a rebound.
3:51 of 1st period - Snap shot by Andy Miele.
3:51 of 1st period - Stopped by Frederik Andersen without a rebound.
3:52 of 1st period - Tomas Hertl wins face-off versus Jack Eichel in Rangers zone.
4:15 of 1st period - Ryan Strome is hit by Nate Schmidt and loses puck.
4:47 of 1st period - Snap shot by Patrice Bergeron.
4:47 of 1st period - Shot Misses the Net.
5:25 of 1st period - Brendan Gallagher is hit by Artem Anisimov and loses puck.
5:58 of 1st period - Snap shot by Patrice Bergeron.
5:58 of 1st period - Stopped by Jaroslav Halak with a rebound.
6:21 of 1st period - Slapshot by Tomas Hertl.
6:21 of 1st period - Shot Misses the Net.
6:36 of 1st period - Ryan Strome is hit by John Moore.
6:54 of 1st period - Patrik Nemeth is hit by Nate Schmidt and loses puck.
7:09 of 1st period - Andy Miele is hit by Morgan Ellis and loses puck.
8:05 of 1st period - Slapshot by Dmitry Kulikov.
8:05 of 1st period - Deflect By Ryan Dzingel.
8:05 of 1st period - Stopped by Jaroslav Halak with a rebound.
8:14 of 1st period - Icing by Richard Panik.
8:15 of 1st period - Ryan Kesler wins face-off versus Artem Anisimov in Rangers zone.
8:16 of 1st period - Snap shot by Brendan Gallagher.
8:16 of 1st period - Shot Misses the Net.
8:18 of 1st period - Slapshot by John Moore.
8:18 of 1st period - Shot Blocked by Dmitry Kulikov.
8:38 of 1st period - Jack Eichel is hit by Luke Schenn and loses puck.
9:01 of 1st period - Chris Higgins is hit by Sean Couturier and loses puck.
9:28 of 1st period - Snap shot by Alexander Edler.
9:28 of 1st period - Shot Blocked by Luke Schenn.
9:30 of 1st period - Snap shot by Alexander Edler.
9:30 of 1st period - Shot Misses the Net.
9:38 of 1st period - Mikael Granlund is hit by Chris Bourque and loses puck.
10:04 of 1st period - Icing by Ryan Mcdonagh.
10:05 of 1st period - Tomas Hertl wins face-off versus Mikael Granlund in Predators zone.
10:08 of 1st period - Snap shot by Magnus Paajarvi.
10:08 of 1st period - Shot Blocked by Alexander Ovechkin.
10:34 of 1st period - Sean Couturier is hit by Alexander Edler and loses puck.
10:55 of 1st period - Snap shot by Brendan Gallagher.
10:55 of 1st period - Stopped by Frederik Andersen without a rebound.
10:56 of 1st period - Tomas Hertl wins face-off versus Ryan Kesler in Rangers zone.
11:05 of 1st period - Wrist shot by Magnus Paajarvi.
11:05 of 1st period - Shot Misses the Net.
11:49 of 1st period - Snap shot by Scott Laughton.
11:49 of 1st period - Shot Misses the Net.
11:51 of 1st period - Slapshot by Scott Laughton.
11:51 of 1st period - Shot Misses the Net.
11:53 of 1st period - Slapshot by John Moore.
11:53 of 1st period - Shot Misses the Net.
11:55 of 1st period - Snap shot by Mark Pysyk.
11:55 of 1st period - Stopped by Frederik Andersen without a rebound.
11:56 of 1st period - Tomas Hertl wins face-off versus Ryan Kesler in Rangers zone.
12:23 of 1st period - Ryan Strome is hit by Nate Schmidt and loses puck.
12:38 of 1st period - Morgan Ellis is hit by Justin Abdelkader and loses puck.
12:49 of 1st period - Mark Pysyk is hit by Patrice Bergeron and loses puck.
13:16 of 1st period - Ryan Dzingel is hit by Brendan Gallagher and loses puck.
14:58 of 1st period - Slapshot by Steve Quailer.
14:58 of 1st period - Stopped by Jaroslav Halak with a rebound.
15:00 of 1st period - Wrist shot by Steve Quailer.
15:00 of 1st period - Shot Misses the Net.
15:04 of 1st period - Snap shot by Tomas Hertl.
15:04 of 1st period - Goal by Tomas Hertl - Predators : 0 - Rangers : 1.
15:05 of 1st period - Andy Miele wins face-off versus Sean Couturier in neutral zone.
15:41 of 1st period - Minor Penalty to Ryan Kesler for Hooking.
15:42 of 1st period - Alexander Ovechkin wins face-off versus Patrice Bergeron in Predators zone.
16:19 of 1st period - Slapshot by Sean Couturier.
16:19 of 1st period - Deflect By Tomas Hertl.
16:19 of 1st period - Goal by Tomas Hertl - Predators : 0 - Rangers : 2.
16:20 of 1st period - Andy Miele wins face-off versus Sean Couturier in neutral zone.
16:51 of 1st period - Alexander Edler is hit by Devante Smith-Pelly and loses puck.
17:14 of 1st period - Slapshot by Justin Abdelkader.
17:14 of 1st period - Stopped by Frederik Andersen with a rebound.
17:16 of 1st period - Slapshot by Alexander Edler.
17:16 of 1st period - Shot Misses the Net.
17:59 of 1st period - Wrist shot by Mikael Granlund.
17:59 of 1st period - Stopped by Frederik Andersen with a rebound.
18:01 of 1st period - Slapshot by Mikael Granlund.
18:01 of 1st period - Shot Misses the Net.
18:11 of 1st period - Wrist shot by Alexander Ovechkin.
18:11 of 1st period - Shot Misses the Net.
18:17 of 1st period - Wrist shot by Andy Miele.
18:17 of 1st period - Shot Misses the Net.
18:19 of 1st period - Wrist shot by Mikael Granlund.
18:19 of 1st period - Stopped by Frederik Andersen without a rebound.
18:20 of 1st period - Ryan Kesler wins face-off versus Sean Couturier in Rangers zone.
18:39 of 1st period - Brendan Gallagher is hit by Sean Couturier and loses puck.
19:22 of 1st period - Wrist shot by Chris Higgins.
19:22 of 1st period - Shot Misses the Net.
19:50 of 1st period - Slapshot by Ryan Dzingel.
19:50 of 1st period - Stopped by Jaroslav Halak without a rebound.
19:51 of 1st period - Sean Couturier wins face-off versus Jaden Schwartz in Predators zone.
Goals for this period are 0 for Predators vs 2 for Rangers.
Shots for this period are 6 for Predators vs 8 for Rangers.

2nd period


0:01 of 2nd period - Andy Miele wins face-off versus Patrice Bergeron in neutral zone.
0:08 of 2nd period - Slapshot by Alexander Edler.
0:08 of 2nd period - Shot Misses the Net.
0:10 of 2nd period - Slapshot by Ryan Mcdonagh.
0:10 of 2nd period - Deflect By Devante Smith-Pelly.
0:10 of 2nd period - Stopped by Frederik Andersen without a rebound.
0:11 of 2nd period - Ryan Kesler wins face-off versus Sean Couturier in Rangers zone.
0:42 of 2nd period - Off-side.
0:43 of 2nd period - Andy Miele wins face-off versus Patrice Bergeron in neutral zone.
0:43 of 2nd period - Andy Miele is hit by Patrice Bergeron.
0:48 of 2nd period - Minor Penalty to Devante Smith-Pelly for High sticking.
0:49 of 2nd period - Patrice Bergeron wins face-off versus Andy Miele in Rangers zone.
1:12 of 2nd period - Icing by Andy Miele.
1:13 of 2nd period - Patrice Bergeron wins face-off versus Andy Miele in Predators zone.
1:22 of 2nd period - Dmitry Kulikov is hit by Ryan Mcdonagh and loses puck.
1:29 of 2nd period - Snap shot by Alexander Ovechkin.
1:29 of 2nd period - Stopped by Frederik Andersen with a rebound.
1:53 of 2nd period - Snap shot by Mikael Granlund.
1:53 of 2nd period - Goal by Mikael Granlund - Predators : 1 - Rangers : 2.
1:54 of 2nd period - Sean Couturier wins face-off versus Ryan Kesler in neutral zone.
1:57 of 2nd period - John Moore is hit by Patrik Nemeth and loses puck.
2:42 of 2nd period - Wrist shot by Tomas Hertl.
2:42 of 2nd period - Shot Blocked by Ryan Mcdonagh.
2:44 of 2nd period - Slapshot by Steve Quailer.
2:44 of 2nd period - Stopped by Jaroslav Halak with a rebound.
2:46 of 2nd period - Wrist shot by Magnus Paajarvi.
2:46 of 2nd period - Shot Misses the Net.
2:48 of 2nd period - Wrist shot by Tomas Hertl.
2:48 of 2nd period - Stopped by Jaroslav Halak with a rebound.
3:31 of 2nd period - Snap shot by Brendan Gallagher.
3:31 of 2nd period - Shot Blocked by Patrik Nemeth.
4:15 of 2nd period - Matt Delahey is hit by Denis Grebeshkov and loses puck.
5:12 of 2nd period - Wrist shot by Artem Anisimov.
5:12 of 2nd period - Shot Blocked by Denis Grebeshkov.
5:14 of 2nd period - Slapshot by Brett Ponich.
5:14 of 2nd period - Shot Misses the Net.
5:16 of 2nd period - Wrist shot by Richard Panik.
5:16 of 2nd period - Deflect By Ryan Dzingel.
5:16 of 2nd period - Shot Misses the Net.
5:16 of 2nd period - Puck is out of play.
5:17 of 2nd period - Patrice Bergeron wins face-off versus Andy Miele in Predators zone.
5:30 of 2nd period - Slapshot by John Moore.
5:30 of 2nd period - Deflect By Andy Miele.
5:30 of 2nd period - Stopped by Frederik Andersen with a rebound.
5:32 of 2nd period - Snap shot by Justin Faulk.
5:32 of 2nd period - Goal by Justin Faulk - Predators : 2 - Rangers : 2.
5:33 of 2nd period - Andy Miele wins face-off versus Devante Smith-Pelly in neutral zone.
5:46 of 2nd period - Wrist shot by Andy Miele.
5:46 of 2nd period - Stopped by Frederik Andersen with a rebound.
5:48 of 2nd period - Slapshot by Ryan Mcdonagh.
5:48 of 2nd period - Stopped by Frederik Andersen with a rebound.
5:50 of 2nd period - Slapshot by Ryan Mcdonagh.
5:50 of 2nd period - Shot Blocked by Dmitry Kulikov.
6:00 of 2nd period - T.J Galiardi is hit by Ryan Kesler and loses puck.
6:19 of 2nd period - Slapshot by Dmitry Kulikov.
6:19 of 2nd period - Shot Blocked by John Moore.
6:29 of 2nd period - Slapshot by Jack Eichel.
6:29 of 2nd period - Stopped by Frederik Andersen with a rebound.
6:43 of 2nd period - Dmitry Kulikov is hit by Scott Laughton and loses puck.
7:04 of 2nd period - Wrist shot by Patrice Bergeron.
7:04 of 2nd period - Shot Misses the Net.
7:06 of 2nd period - Snap shot by Patrice Bergeron.
7:06 of 2nd period - Deflect By Devante Smith-Pelly.
7:06 of 2nd period - Stopped by Jaroslav Halak without a rebound.
7:07 of 2nd period - Sean Couturier wins face-off versus Ryan Kesler in Predators zone.
7:22 of 2nd period - Snap shot by Alexander Edler.
7:22 of 2nd period - Stopped by Frederik Andersen without a rebound.
7:23 of 2nd period - Andy Miele wins face-off versus Patrice Bergeron in Rangers zone.
7:26 of 2nd period - Wrist shot by Mikael Granlund.
7:26 of 2nd period - Shot Misses the Net.
7:28 of 2nd period - Slapshot by Mikael Granlund.
7:28 of 2nd period - Shot Misses the Net.
7:30 of 2nd period - Snap shot by Alexander Ovechkin.
7:30 of 2nd period - Stopped by Frederik Andersen without a rebound.
7:31 of 2nd period - Andy Miele wins face-off versus Patrice Bergeron in Rangers zone.
7:56 of 2nd period - Backhand shot by Alexander Edler.
7:56 of 2nd period - Stopped by Frederik Andersen with a rebound.
8:05 of 2nd period - Icing by T.J Galiardi.
8:06 of 2nd period - Ryan Kesler wins face-off versus Sean Couturier in Rangers zone.
8:18 of 2nd period - Off-side.
8:19 of 2nd period - Patrice Bergeron wins face-off versus Andy Miele in neutral zone.
8:51 of 2nd period - Snap shot by Ryan Kesler.
8:51 of 2nd period - Shot Misses the Net.
9:15 of 2nd period - Alexander Edler is hit by Matt Delahey and loses puck.
9:36 of 2nd period - Slapshot by Scott Laughton.
9:36 of 2nd period - Stopped by Frederik Andersen without a rebound.
9:37 of 2nd period - Devante Smith-Pelly wins face-off versus Andy Miele in Rangers zone.
10:31 of 2nd period - Matt Delahey is hit by Chris Higgins and loses puck.
10:36 of 2nd period - Snap shot by Chris Higgins.
10:36 of 2nd period - Shot Misses the Net.
12:01 of 2nd period - Snap shot by Sean Couturier.
12:01 of 2nd period - Stopped by Jaroslav Halak without a rebound.
12:02 of 2nd period - Sean Couturier wins face-off versus Andy Miele in Predators zone.
12:05 of 2nd period - Snap shot by Ryan Strome.
12:05 of 2nd period - Stopped by Jaroslav Halak without a rebound.
12:06 of 2nd period - Sean Couturier wins face-off versus Andy Miele in Predators zone.
12:10 of 2nd period - Minor Penalty to Alexander Ovechkin for Goalie Interference.
12:11 of 2nd period - Patrice Bergeron wins face-off versus Jack Eichel in Predators zone.
12:25 of 2nd period - Slapshot by Dmitry Kulikov.
12:25 of 2nd period - Shot Blocked by Alexander Edler.
12:27 of 2nd period - Snap shot by Chris Bourque.
12:27 of 2nd period - Stopped by Jaroslav Halak with a rebound.
14:10 of 2nd period - Penalty to Alexander Ovechkin is over, Alexander Ovechkin is back on ice.
14:11 of 2nd period - Alexander Ovechkin is hit by Steve Quailer and loses puck.
14:16 of 2nd period - Slapshot by Steve Quailer.
14:16 of 2nd period - Shot Blocked by John Moore.
14:38 of 2nd period - Icing by John Moore.
14:39 of 2nd period - Magnus Paajarvi wins face-off versus Ryan Kesler in Predators zone.
14:42 of 2nd period - Snap shot by Magnus Paajarvi.
14:42 of 2nd period - Goal by Magnus Paajarvi - Predators : 2 - Rangers : 3.
14:43 of 2nd period - Sean Couturier wins face-off versus Brendan Gallagher in neutral zone.
15:08 of 2nd period - Mikael Granlund is hit by Chris Bourque and loses puck.
15:42 of 2nd period - Tomas Hertl is hit by Jack Eichel and loses puck.
15:53 of 2nd period - Slapshot by Dmitry Kulikov.
15:53 of 2nd period - Stopped by Jaroslav Halak without a rebound.
15:54 of 2nd period - Ryan Kesler wins face-off versus Artem Anisimov in Predators zone.
15:54 of 2nd period - Ryan Kesler is hit by Ryan Dzingel.
16:06 of 2nd period - Snap shot by Brendan Gallagher.
16:06 of 2nd period - Stopped by Frederik Andersen without a rebound.
16:07 of 2nd period - Andy Miele wins face-off versus Sean Couturier in Rangers zone.
16:10 of 2nd period - Wrist shot by Mikael Granlund.
16:10 of 2nd period - Shot Misses the Net.
16:12 of 2nd period - Snap shot by Andy Miele.
16:12 of 2nd period - Shot Misses the Net.
16:14 of 2nd period - Wrist shot by Andy Miele.
16:14 of 2nd period - Stopped by Frederik Andersen with a rebound.
16:16 of 2nd period - Slapshot by Andy Miele.
16:16 of 2nd period - Shot Blocked by Patrik Nemeth.
16:18 of 2nd period - Wrist shot by Alexander Ovechkin.
16:18 of 2nd period - Stopped by Frederik Andersen with a rebound.
16:20 of 2nd period - Snap shot by Mikael Granlund.
16:20 of 2nd period - Shot Misses the Net.
16:22 of 2nd period - Snap shot by Alexander Ovechkin.
16:22 of 2nd period - Stopped by Frederik Andersen with a rebound.
16:24 of 2nd period - Slapshot by Alexander Edler.
16:24 of 2nd period - Shot Misses the Net.
16:49 of 2nd period - Devante Smith-Pelly is hit by Jaden Schwartz and loses puck.
16:53 of 2nd period - Icing by Chris Bourque.
16:54 of 2nd period - Patrice Bergeron wins face-off versus Andy Miele in Rangers zone.
17:01 of 2nd period - John Moore is hit by Brett Ponich and loses puck.
17:24 of 2nd period - Justin Faulk is hit by Ryan Strome.
17:48 of 2nd period - Wrist shot by Ryan Kesler.
17:48 of 2nd period - Shot Misses the Net.
17:50 of 2nd period - Wrist shot by Brendan Gallagher.
17:50 of 2nd period - Stopped by Frederik Andersen without a rebound.
17:51 of 2nd period - Andy Miele wins face-off versus Tomas Hertl in Rangers zone.
17:58 of 2nd period - Slapshot by Mikael Granlund.
17:58 of 2nd period - Stopped by Frederik Andersen without a rebound.
17:59 of 2nd period - Tomas Hertl wins face-off versus Andy Miele in Rangers zone.
18:20 of 2nd period - Snap shot by Mikael Granlund.
18:20 of 2nd period - Stopped by Frederik Andersen without a rebound.
18:21 of 2nd period - Sean Couturier wins face-off versus Brendan Gallagher in Rangers zone.
18:28 of 2nd period - Snap shot by Matt Delahey.
18:28 of 2nd period - Deflect By Denis Grebeshkov.
18:28 of 2nd period - Stopped by Jaroslav Halak with a rebound.
18:30 of 2nd period - Snap shot by Matt Delahey.
18:30 of 2nd period - Shot Misses the Net.
18:43 of 2nd period - Icing by Denis Grebeshkov.
18:44 of 2nd period - Andy Miele wins face-off versus Patrice Bergeron in Predators zone.
19:25 of 2nd period - Sean Couturier is hit by Ryan Kesler and loses puck.
19:44 of 2nd period - Snap shot by Scott Laughton.
19:44 of 2nd period - Shot Misses the Net.
19:46 of 2nd period - Snap shot by Chris Higgins.
19:46 of 2nd period - Stopped by Frederik Andersen with a rebound.
Goals for this period are 2 for Predators vs 1 for Rangers.
Shots for this period are 20 for Predators vs 9 for Rangers.

3rd period


0:01 of 3rd period - Andy Miele wins face-off versus Patrice Bergeron in neutral zone.
0:36 of 3rd period - Slapshot by Ryan Strome.
0:36 of 3rd period - Shot Misses the Net.
0:38 of 3rd period - Wrist shot by Patrik Nemeth.
0:38 of 3rd period - Stopped by Jaroslav Halak with a rebound.
0:52 of 3rd period - Ryan Mcdonagh is hit by Patrik Nemeth and loses puck.
0:59 of 3rd period - Wrist shot by Artem Anisimov.
0:59 of 3rd period - Shot Misses the Net.
1:35 of 3rd period - Ryan Mcdonagh is hit by Ryan Strome.
2:25 of 3rd period - John Moore is hit by Luke Schenn.
3:08 of 3rd period - Wrist shot by Mikael Granlund.
3:08 of 3rd period - Deflect By Alexander Ovechkin.
3:08 of 3rd period - Stopped by Frederik Andersen with a rebound.
3:10 of 3rd period - Wrist shot by Alexander Ovechkin.
3:10 of 3rd period - Deflect By Mikael Granlund.
3:10 of 3rd period - Stopped by Frederik Andersen with a rebound.
3:12 of 3rd period - Wrist shot by Alexander Ovechkin.
3:12 of 3rd period - Stopped by Frederik Andersen without a rebound.
3:13 of 3rd period - Patrice Bergeron wins face-off versus Ryan Kesler in Rangers zone.
3:13 of 3rd period - Patrice Bergeron is hit by Nate Schmidt.
3:46 of 3rd period - Slapshot by Morgan Ellis.
3:46 of 3rd period - Stopped by Jaroslav Halak with a rebound.
4:18 of 3rd period - Snap shot by Ryan Dzingel.
4:18 of 3rd period - Shot Hit the Post.
4:31 of 3rd period - Off-side.
4:32 of 3rd period - Mark Pysyk wins face-off versus Steve Quailer in neutral zone.
4:37 of 3rd period - Snap shot by Scott Laughton.
4:37 of 3rd period - Stopped by Frederik Andersen with a rebound.
4:57 of 3rd period - Alexander Ovechkin is hit by Patrice Bergeron and loses puck.
5:06 of 3rd period - Snap shot by Chris Bourque.
5:06 of 3rd period - Shot Misses the Net.
5:32 of 3rd period - Snap shot by Brendan Gallagher.
5:32 of 3rd period - Shot Misses the Net.
6:24 of 3rd period - Ryan Mcdonagh is hit by Luke Schenn.
7:35 of 3rd period - Snap shot by Richard Panik.
7:35 of 3rd period - Stopped by Jaroslav Halak without a rebound.
7:36 of 3rd period - Andy Miele wins face-off versus Sean Couturier in Predators zone.
7:38 of 3rd period - Minor Penalty to Alexander Ovechkin for Tripping.
7:39 of 3rd period - Jack Eichel wins face-off versus Patrice Bergeron in Predators zone.
7:49 of 3rd period - Jack Eichel is hit by Patrice Bergeron and loses puck.
8:34 of 3rd period - Justin Faulk is hit by Tomas Hertl and loses puck.
9:38 of 3rd period - Penalty to Alexander Ovechkin is over, Alexander Ovechkin is back on ice.
10:02 of 3rd period - Matt Delahey is hit by Jack Eichel and loses puck.
10:12 of 3rd period - Off-side.
10:13 of 3rd period - Scott Laughton wins face-off versus Artem Anisimov in neutral zone.
10:38 of 3rd period - Slapshot by T.J Galiardi.
10:38 of 3rd period - Stopped by Jaroslav Halak without a rebound.
10:39 of 3rd period - Sean Couturier wins face-off versus Alexander Ovechkin in Predators zone.
10:40 of 3rd period - Snap shot by T.J Galiardi.
10:40 of 3rd period - Stopped by Jaroslav Halak without a rebound.
10:41 of 3rd period - Andy Miele wins face-off versus Sean Couturier in Predators zone.
11:02 of 3rd period - Snap shot by Ryan Strome.
11:02 of 3rd period - Shot Misses the Net.
11:04 of 3rd period - Slapshot by Brett Ponich.
11:04 of 3rd period - Stopped by Jaroslav Halak without a rebound.
11:05 of 3rd period - Ryan Kesler wins face-off versus Patrice Bergeron in Predators zone.
11:14 of 3rd period - Snap shot by Patrice Bergeron.
11:14 of 3rd period - Shot Misses the Net.
11:16 of 3rd period - Slapshot by Dmitry Kulikov.
11:16 of 3rd period - Stopped by Jaroslav Halak without a rebound.
11:17 of 3rd period - Chris Bourque wins face-off versus Andy Miele in Predators zone.
11:24 of 3rd period - Snap shot by Chris Bourque.
11:24 of 3rd period - Deflect By Devante Smith-Pelly.
11:24 of 3rd period - Stopped by Jaroslav Halak without a rebound.
11:25 of 3rd period - Patrice Bergeron wins face-off versus Alexander Ovechkin in Predators zone.
11:32 of 3rd period - Wrist shot by Devante Smith-Pelly.
11:32 of 3rd period - Shot Blocked by Alexander Edler.
11:34 of 3rd period - Wrist shot by Chris Bourque.
11:34 of 3rd period - Shot Misses the Net.
11:36 of 3rd period - Slapshot by Luke Schenn.
11:36 of 3rd period - Deflect By Devante Smith-Pelly.
11:36 of 3rd period - Goal by Devante Smith-Pelly - Predators : 2 - Rangers : 4.
11:37 of 3rd period - Patrice Bergeron wins face-off versus Andy Miele in neutral zone.
11:41 of 3rd period - Icing by Alexander Edler.
11:42 of 3rd period - Chris Bourque wins face-off versus Andy Miele in Predators zone.
12:18 of 3rd period - Slapshot by Patrik Nemeth.
12:18 of 3rd period - Stopped by Jaroslav Halak with a rebound.
12:32 of 3rd period - Snap shot by Steve Quailer.
12:32 of 3rd period - Stopped by Jaroslav Halak without a rebound.
12:33 of 3rd period - Patrice Bergeron wins face-off versus Jack Eichel in Predators zone.
12:36 of 3rd period - Snap shot by Patrice Bergeron.
12:36 of 3rd period - Stopped by Jaroslav Halak with a rebound.
12:46 of 3rd period - Slapshot by Patrice Bergeron.
12:46 of 3rd period - Shot Misses the Net.
13:02 of 3rd period - Slapshot by Justin Abdelkader.
13:02 of 3rd period - Shot Blocked by T.J Galiardi.
13:04 of 3rd period - Snap shot by Denis Grebeshkov.
13:04 of 3rd period - Deflect By Brad Boyes.
13:04 of 3rd period - Goal by Brad Boyes - Predators : 3 - Rangers : 4.
13:05 of 3rd period - Sean Couturier wins face-off versus Andy Miele in neutral zone.
13:12 of 3rd period - Wrist shot by T.J Galiardi.
13:12 of 3rd period - Stopped by Jaroslav Halak without a rebound.
13:13 of 3rd period - Sean Couturier wins face-off versus Andy Miele in Predators zone.
13:52 of 3rd period - Snap shot by Alexander Ovechkin.
13:52 of 3rd period - Shot Blocked by Dmitry Kulikov.
13:58 of 3rd period - Snap shot by Mikael Granlund.
13:58 of 3rd period - Shot Misses the Net.
14:20 of 3rd period - Snap shot by Ryan Mcdonagh.
14:20 of 3rd period - Stopped by Frederik Andersen without a rebound.
14:21 of 3rd period - Ryan Kesler wins face-off versus Patrice Bergeron in Rangers zone.
14:30 of 3rd period - Justin Faulk is hit by Matt Delahey and loses puck.
14:47 of 3rd period - Brad Boyes is hit by Matt Delahey and loses puck.
14:58 of 3rd period - Snap shot by Tomas Hertl.
14:58 of 3rd period - Shot Misses the Net.
15:14 of 3rd period - Artem Anisimov is hit by Ryan Kesler and loses puck.
15:24 of 3rd period - Penalty Shot by Artem Anisimov for Rangers.
15:24 of 3rd period - Deke by Artem Anisimov.
15:24 of 3rd period - Goal by Artem Anisimov - Predators : 3 - Rangers : 5.
15:25 of 3rd period - Jack Eichel wins face-off versus Artem Anisimov in neutral zone.
15:26 of 3rd period - Jack Eichel wins face-off versus Artem Anisimov in Rangers zone.
15:29 of 3rd period - Snap shot by Jack Eichel.
15:29 of 3rd period - Stopped by Frederik Andersen with a rebound.
15:34 of 3rd period - Icing by Artem Anisimov.
15:35 of 3rd period - Artem Anisimov wins face-off versus Jack Eichel in Rangers zone.
15:35 of 3rd period - Artem Anisimov is hit by Alexander Edler.
15:47 of 3rd period - Snap shot by Richard Panik.
15:47 of 3rd period - Goal by Richard Panik - Predators : 3 - Rangers : 6.
15:48 of 3rd period - Patrice Bergeron wins face-off versus Andy Miele in neutral zone.
15:54 of 3rd period - Penalty Shot by Patrice Bergeron for Rangers.
15:54 of 3rd period - Snap shot by Patrice Bergeron.
15:54 of 3rd period - Goal by Patrice Bergeron - Predators : 3 - Rangers : 7.
15:55 of 3rd period - Patrice Bergeron wins face-off versus Andy Miele in neutral zone.
15:56 of 3rd period - Andy Miele wins face-off versus Devante Smith-Pelly in Rangers zone.
16:12 of 3rd period - Wrist shot by Alexander Ovechkin.
16:12 of 3rd period - Stopped by Frederik Andersen without a rebound.
16:13 of 3rd period - Sean Couturier wins face-off versus Ryan Kesler in Rangers zone.
16:13 of 3rd period - Sean Couturier is hit by Brendan Gallagher.
16:19 of 3rd period - Wrist shot by Jaden Schwartz.
16:19 of 3rd period - Goal by Jaden Schwartz - Predators : 4 - Rangers : 7.
16:20 of 3rd period - Patrice Bergeron wins face-off versus Andy Miele in neutral zone.
16:45 of 3rd period - T.J Galiardi is hit by Ryan Kesler and loses puck.
17:10 of 3rd period - Snap shot by Magnus Paajarvi.
17:10 of 3rd period - Deflect By Tomas Hertl.
17:10 of 3rd period - Shot Misses the Net.
17:10 of 3rd period - Puck is out of play.
17:11 of 3rd period - Alexander Ovechkin wins face-off versus Tomas Hertl in Predators zone.
17:11 of 3rd period - Alexander Ovechkin is hit by Tomas Hertl.
17:28 of 3rd period - Wrist shot by Tomas Hertl.
17:28 of 3rd period - Stopped by Jaroslav Halak without a rebound.
17:29 of 3rd period - Ryan Kesler wins face-off versus Patrice Bergeron in Predators zone.
17:40 of 3rd period - Wrist shot by Devante Smith-Pelly.
17:40 of 3rd period - Shot Blocked by Brendan Gallagher.
17:42 of 3rd period - Slapshot by Matt Delahey.
17:42 of 3rd period - Shot Misses the Net.
18:03 of 3rd period - T.J Galiardi is hit by Mikael Granlund and loses puck.
18:28 of 3rd period - Justin Faulk is hit by Brett Ponich.
19:24 of 3rd period - Ryan Strome is hit by Alexander Ovechkin and loses puck.
19:29 of 3rd period - Snap shot by Andy Miele.
19:29 of 3rd period - Shot Misses the Net.
Goals for this period are 2 for Predators vs 4 for Rangers.
Shots for this period are 9 for Predators vs 15 for Rangers.